 Dungeon Crawl Stone Soup version 0.28.0-53-g5a82cb258f (webtiles) character file.

Game seed: 12976150304654717469

60 Sin92 the Skirmisher (level 3, 0/29 HPs)
             Began as a Demonspawn Fighter on June 7, 2022.
             Slain by Sigmund
             ... wielding a +0 scythe
              (9 damage)
             ... on level 2 of the Dungeon.
             The game lasted 00:01:25 (931 turns).

Sin92 the Skirmisher (Demonspawn Fighter)            Turns: 931, Time: 00:01:26

Health: 0/29       AC: 11    Str: 16    XL:     3   Next: 82%
Magic:  3/3        EV:  9    Int:  9    God:
Gold:   44         SH:  5    Dex: 14    Spells: 2/2 levels left

rFire   . . .      SeeInvis .   a - +0 trident
rCold   . . .      Faith    .   c - +0 buckler
rNeg    . . .      Spirit   .   b - +0 scale mail
rPois   .          Reflect  .   e - +2 helmet
rElec   .          Harm     .   (no cloak)
rCorr   +          Rampage  .   (no gloves)
Will    +....                   (no boots)
Stlth   ..........              (no amulet)
HPRegen 0.09/turn               f - ring of willpower
MPRegen 0.08/turn               g - ring of resist corrosion

@: no status effects
A: molten scales 1, powered by pain 1
a: no special abilities


You were on level 2 of the Dungeon.
You visited 1 branch of the dungeon, and saw 2 of its levels.

You collected 44 gold pieces.

Inventory:

Hand Weapons
 a - a +0 trident (weapon)
Armour
 b - a +0 scale mail (worn)
 c - a +0 buckler (worn)
 e - a +2 helmet (worn)
Jewellery
 f - a ring of willpower (left hand)
 g - a ring of resist corrosion (right hand)
Scrolls
 h - a scroll of vulnerability {unknown}
 i - a scroll of enchant armour {unknown}
Potions
 d - a potion of might
 j - a potion of flight {unknown}


   Skills:
 + Level 3.3 Fighting
 * Level 2.6 Polearms
 + Level 3.0 Armour
 + Level 0.9 Dodging
 + Level 3.0 Shields


You had 2 spell levels left.
You didn't know any spells.
Your spell library was empty.

Dungeon Overview and Level Annotations

Branches:
Dungeon (2/15)

Altars:

Annotations:
D:2 Sigmund


Innate Abilities, Weirdness & Mutations

You are partially covered in molten scales. (AC +2)
You sometimes gain a little power by taking damage.


Message History

Sigmund flickers and vanishes!
Deactivating autopickup; reactivate with Ctrl-A.
The ball python hisses angrily.
You puncture the hobgoblin!
You kill the hobgoblin!
Unknown command.
You block something's attack.
Unknown command.
Unknown command.
You hit the ball python.
The ball python is severely wounded.
Something hits you but does no damage. The ball python closely misses you.
The ball python barely misses you.
Unknown command.
You hit the ball python.
You kill the ball python!
Something hits you but does no damage.
Unknown command.
No target in view!
Unknown command.
You miss something. Something completely misses you.
You barely miss something. You puncture something!
You hear some strange, mumbled words.
A puff of flame appears from out of thin air!
The puff of flame hits you! Something hits you.
You barely miss something. You hit something.
Something hits you but does no damage.
You hit something. Something hits you but does no damage.
You hit something. Something hits you but does no damage.
You hit something but do no damage.
You hear some strange, mumbled words.
A puff of flame appears from out of thin air!
The puff of flame hits you but does no damage.
You closely miss something.
A quokka comes into view.
Something hits you!
You miss something. You hit something. Something hits you!
You die...

#..#.......>.# ..
##............#### ##..
................#
#...##...............###
..#..#..#.........).....
.###...###......###.....
..#..#..#.......#?#.....
................###.....
#..†@..#......)......
...'.({...#......†...###
...#......#..........# .
###..###....#+##### ##.#
#....+ #r# #....# ...
###+## .#.


You could see a quokka.

Vanquished Creatures
  2 adders (D:2)
  A dart slug (D:1)
  4 ball pythons
  4 bats (D:1)
  7 endoplasms (D:1)
  A giant cockroach (D:1)
  6 goblins
  3 hobgoblins
  A quokka (D:2)
  2 frilled lizards (D:1)
  3 kobolds
  2 rats (D:1)
36 creatures vanquished.

Vanquished Creatures (others)
  3 plants (D:2)
3 creatures vanquished.

Grand Total: 39 creatures vanquished

Notes
Turn   | Place    | Note
-------+----------+-------------------------------------------
     0 | D:1      | Sin92 the Demonspawn Fighter began the quest for the Orb.
     0 | D:1      | Reached XP level 1. HP: 18/18 MP: 1/1
   161 | D:1      | Gained mutation: You sometimes gain a little power by
                  | taking damage. [demonic ancestry]
   161 | D:1      | Reached XP level 2. HP: 24/24 MP: 2/2
   428 | D:1      | Gained mutation: You are partially covered in molten
                  | scales. (AC +2) [demonic ancestry]
   428 | D:1      | Reached XP level 3. HP: 29/29 MP: 3/3
   913 | D:2      | Noticed Sigmund
   931 | D:2      | Slain by Sigmund

Illustrated notes

Levels and vault maps discovered:
D:1:      nzn_arrival_depleted_hourglass, layout_basic
D:2:      layout_basic, chequers_ecumenical_altar_lobes, serial_glass,
          glass_columns_b, glass_columns_a, feat_on_display, feat_on_display,
          item_on_display_a, minmay_strange_pillars, kennysheep_nub,
          uniq_sigmund

Skill      XL: |  1  2  3 |
---------------+----------+-----
Polearms       | 2 |  2.6
Armour         | 3 |  3.0
Shields        | 3 |  3.0
Fighting       | |  3.3
Dodging        | |  0.9

Action                   || total
-------------------------++-------
Melee: Trident           ||    97
Armor: Scale mail        ||    32
Dodge: Dodged            ||    29
Block: Buckler           ||    21
